Map: Beckett Industries LE

Players

Seither

  • Race: Terran Terran

MeomaikA - Winner!

  • Race: Zerg Zerg

Event: DreamHack SC2 Masters 2021 Fall

VOD

Have the link to the VOD?

Description

Time

  • Played on: Aug. 1, 2021, 5:06 a.m.
  • Length: 3:26

All games in this series

Show
View Real Time Build Order
Export as new Build Order

Seither Terran 

Build Orders:  

Get SALT Encoding   

  12  0:00  SCV  
  13  0:12  SCV  
  14  0:17  Supply Depot  
  14  0:24  SCV  
  15  0:38  SCV  
  15  0:40  Barracks  
  16  0:44  Refinery  
  16  0:50  SCV  
  17  1:02  SCV  
  18  1:15  SCV  
  19  1:29  Barracks Reactor, Orbital Command  
  18  1:44  Command Center  
  18  1:53  Supply Depot  
  18  1:56  SCV  
  19  2:05  Marine x2  
  18  2:17  SCV  
  18  2:25  Marine  
  19  2:43  Bunker  
  19  2:46  Marine  
  20  2:51  SCV  
  20  2:57  Marine  
Show
View Real Time Build Order
Export as new Build Order

MeomaikA Zerg - Winner!

Build Orders: Pool Only 

Get SALT Encoding   

  12  0:18  Spawning Pool  
  11  0:22  Drone  
  11  0:26  Drone  
  13  0:30  Drone  
  14  0:35  Extractor  
  13  0:43  Overlord  
  13  1:05  Zergling x4, Roach Warren  
  13  1:09  Zergling x2  
  15  1:16  Zergling x2  
  16  1:45  Roach x2  
  20  1:49  Roach  
  22  2:13  Overlord  
  21  2:29  Overlord  
  21  2:32  Roach x2  
  24  2:41  Ravager x2  
  24  2:44  Zergling x2  
  25  2:53  Zergling x2  
  26  3:03  Zergling x2  

Tags
 
Add a new tag
Caveats
  • Supply blocks, unpowered buildings, or Contaminate may cause inaccurate times.
  • Supply counts are checked every 10 seconds.